AoeStats
← Luna-Noctis

Nomad

509341705Analyzed
4v4 RM · 7d ago on Sep 26, 2026· 58m 56s· 8 players
Game mode
Random Map
Map size
231×231
Population
200
Speed
Normal
Resources
Standard
Victory
Conquest
Starting age
Dark Age
Ending age
Imperial Age
RankedLock teamsTeams togetherTeam positionsShared explorationLock speedFull tech treeHidden civsTurbo modeCheats
Victory
Defeat
🇱🇮 Turks · Liechtenstein
1261
+11
🇭🇰 Spanish · Hong Kong SAR China
1178
+14
🇨🇭 Saxons · Switzerland
1071
+18
🇨🇭 Mongols · Switzerland
1054
+19
🇹🇼 Koreans · Taiwan
1167
-17
🇹🇼 Berbers · Taiwan
1149
-16
🇦🇺 Turks · Australia
1144
-16
🇦🇺 Romans · Australia
1060
-13
cutiewing
6:33 Loom
14:17 Feudal Age
21:56 Castle Age
20:57 Gold Mining
21:39 Stone Mining
22:13 Forging
22:08 Scale Barding Armor
23:20 Town Watch
28:20 Iron Casting
27:50 Scale Barding Armor
30:13 Town Watch
35:23 Imperial Age
33:58 Fletching
34:35 Horse Collar
38:21 Town Patrol
39:41 Bodkin Arrow
41:05 Hoardings
40:51 Conscription
42:10 Chemistry
42:16 Ballistics
41:52 Murder Holes
45:00 Careening
46:39 Bracer
46:52 Clinker Construction
48:12 Elite Cannon Galleon
51:08 Padded Archer Armor
51:19 Heavy Plow
51:20 Double-Bit Axe
53:02 Leather Archer Armor
54:50 Wheelbarrow
54:52 Carvel Hull
54:52 Dry Dock
54:43 Masonry
56:18 Bow Saw
57:55 Coinage
57:36 Guilds
57:27 Caravan
58:55 Two-Man Saw
58:24 Supremacy
57:26 Elite Conquistador
owelt
5:18 Loom
15:10 Feudal Age
15:55 Double-Bit Axe
17:28 Fishing Lines
18:37 Gold Mining
22:59 Castle Age
20:52 Fletching
22:58 Stone Mining
24:01 Medium Warships
27:58 Gillnets
30:11 Bodkin Arrow
30:55 Gold Shaft Mining
31:03 Padded Archer Armor
31:42 Bow Saw
33:13 Wheelbarrow
33:13 Clinker Construction
35:16 Caravan
36:29 Careening
36:40 Leather Archer Armor
36:32 Scale Barding Armor
37:34 Bloodlines
37:25 Husbandry
38:07 Town Watch
39:53 Forging
40:08 Chain Barding Armor
47:08 Horse Collar
50:16 Imperial Age
50:57 Ballistics
50:32 Murder Holes
50:47 Masonry
51:37 Artillery
52:13 Hoardings
52:20 Hoardings
51:17 Heavy Camel Rider
53:44 Plate Barding Armor
54:11 Conscription
55:51 Iron Casting
59:32 Heavy Plow
60:35 Blast Furnace
Luna-Noctis
13:19 Feudal Age
15:33 Loom
20:34 Castle Age
19:36 Fletching
20:27 Horse Collar
20:38 Double-Bit Axe
21:42 Bodkin Arrow
21:49 Padded Archer Armor
26:16 Thumb Ring
28:10 Bloodlines
30:25 Leather Archer Armor
32:13 Ballistics
32:24 Heavy Plow
33:22 Town Watch
34:14 Wheelbarrow
39:05 Imperial Age
38:46 Hand Cart
40:46 Chemistry
39:21 Heavy Cavalry Archer
40:43 Conscription
41:14 Murder Holes
43:31 Hand Cart
45:37 Capped Ram
48:18 Drill
47:26 Siege Ram
50:15 Elite Mangudai
52:06 Bracer
52:12 Scale Barding Armor
52:18 Forging
55:43 Parthian Tactics
57:43 Bow Saw
NOX
4:58 Loom
13:20 Feudal Age
17:57 Castle Age
15:47 Double-Bit Axe
16:04 Horse Collar
17:29 Horse Collar
18:12 Town Watch
18:51 Bow Saw
18:42 Heavy Plow
23:18 Scale Mail Armor
25:50 Forging
25:57 Chain Mail Armor
26:30 Arson
26:47 Squires
33:31 Imperial Age
31:37 Wheelbarrow
35:14 Hand Cart
36:56 Plate Mail Armor
35:50 Elite Hearth Troop
37:09 Pikeman
38:25 Iron Casting
38:58 Two-Man Saw
39:04 Halberdier
42:17 Fletching
53:33 Bodkin Arrow
53:47 Siege Engineers
54:44 Chemistry
53:56 Masonry
53:31 Man-at-Arms
53:58 Gambesons
Not.ACCM
9:26 Loom
12:17 Feudal Age
13:18 Double-Bit Axe
15:59 Fishing Lines
20:08 Castle Age
18:47 Fishing Lines
19:26 Stone Mining
19:38 Gold Mining
22:17 Bow Saw
25:13 Wheelbarrow
26:33 Town Watch
27:09 Gillnets
28:21 Fletching
32:31 Horse Collar
36:21 Imperial Age
34:21 Ballistics
34:04 Bodkin Arrow
36:03 Gold Shaft Mining
36:04 Stone Shaft Mining
38:23 Conscription
40:15 Shinkichon
42:19 Chemistry
41:00 Treadmill Crane
44:31 Bracer
44:37 Scale Barding Armor
45:35 Two-Man Saw
44:50 Elite War Wagon
47:54 Husbandry
48:07 Thumb Ring
52:09 Masonry
51:55 Murder Holes
51:47 Arrowslits
52:09 Siege Engineers
jasonpanex
9:01 Loom
21:06 Feudal Age
23:47 Town Watch
25:01 Double-Bit Axe
28:34 Castle Age
26:33 Fishing Lines
27:02 Gold Mining
29:57 Fletching
32:15 Gold Shaft Mining
31:35 Stone Mining
32:45 Medium Warships
34:04 Wheelbarrow
33:55 Bodkin Arrow
34:22 Bow Saw
35:01 Gillnets
37:51 Kasbah
40:34 Stone Shaft Mining
39:42 Horse Collar
44:49 Imperial Age
42:37 Bloodlines
43:20 Husbandry
44:31 Padded Archer Armor
44:52 Elite Camel Archer
45:53 Conscription
45:01 Elite Camel Archer
46:04 Conscription
47:19 Maghrebi Camels
49:03 Bracer
49:19 Leather Archer Armor
50:37 Hoardings
51:28 Ballistics
Frank Drebin, Police Squad!
6:19 Loom
13:18 Feudal Age
14:52 Wheelbarrow
14:03 Town Watch
14:23 Gold Mining
15:26 Double-Bit Axe
16:54 Town Watch
17:18 Horse Collar
20:05 Castle Age
19:02 Scale Barding Armor
19:07 Forging
21:48 Gold Shaft Mining
22:28 Bloodlines
22:21 Husbandry
33:02 Heavy Plow
35:38 Imperial Age
33:35 Chain Barding Armor
35:11 Iron Casting
34:54 Bow Saw
34:38 Stone Mining
35:23 Gold Shaft Mining
37:14 Plate Barding Armor
37:46 Fletching
37:47 Cavalier
39:04 Hand Cart
40:53 Blast Furnace
42:16 Conscription
42:01 Ballistas
42:21 Bodkin Arrow
43:30 Town Patrol
46:28 Chemistry
45:49 Ballistics
45:17 Heavy Scorpion
48:39 Siege Engineers
50:37 Crop Rotation
53:35 Elite Centurion
Tomodachi
7:27 Loom
12:48 Feudal Age
13:29 Double-Bit Axe
18:37 Castle Age
18:53 Fishing Lines
19:28 Medium Warships
21:04 Bow Saw
21:16 Gold Mining
27:37 Imperial Age
28:38 Fletching
31:47 Horse Collar
32:40 Padded Archer Armor
33:02 Town Watch
34:14 Bodkin Arrow
40:10 Wheelbarrow
41:32 Conscription
Connection lost

Rejoining the realm…

Still unreachable

The connection could not be restored.

Session expired

The server has moved on; the page needs a fresh start.